 Dungeon Crawl Stone Soup version 0.27-a0-12-g5dcdf963e0 (webtiles) character file.

Game seed: 12687186149183718319

2025 DungeonDestroyer the Poker (level 8, -13/66 HPs)
             Began as a Demigod Fighter on Jan 1, 2021.
             Mangled by a red ugly thing (21 damage)
             ... on level 7 of the Dungeon.
             The game lasted 00:09:17 (7953 turns).

DungeonDestroyer the Poker (Demigod Fighter)        Turns: 7953, Time: 00:09:17

Health: -13/66     AC: 12    Str: 21    XL:     8   Next: 73%
Magic:  15/15      EV:  9    Int: 12    God:
Gold:   291        SH: 10    Dex: 17    Spells: 12/12 levels left

rFire    . . .     SeeInvis +   r - +4 trident
rCold    . . .     Faith    .   c - +0 kite shield
rNeg     . . .     Spirit   .   b - +0 scale mail
rPois    .         Reflect  .   p - +0 helmet {SInv}
rElec    .         Harm     .   (no cloak)
rCorr    .         Rampage  .   f - +0 pair of gloves
Will     .....                  a - +0 pair of boots
Stlth    ++........             (no amulet)
HPRegen  0.21/turn              (no ring)
MPRegen  0.14/turn              (no ring)

@: about to teleport
A: talons 1, thin skeletal structure 1, yellow scales 1, clumsy 1, high mp 1
a: no special abilities


You were on level 7 of the Dungeon.
You visited 2 branches of the dungeon, and saw 8 of its levels.

You collected 291 gold pieces.

Inventory:

Hand Weapons
 r - a +4 trident (weapon)
Missiles
 g - 222 stones (quivered)
 h - 8 boomerangs
 i - 95 arrows
 j - 93 sling bullets
 l - 26 bolts
 y - 22 poisoned darts
 C - 5 curare-tipped darts
Armour
 a - a +0 pair of boots (worn)
 b - a +0 scale mail (worn)
 c - a +0 kite shield (worn)
 f - a +0 pair of gloves (worn)
 p - a +0 helmet of see invisible (worn)
Jewellery
 B - an uncursed ring of magical power {unknown}
Wands
 o - a wand of digging (6)
Scrolls
 e - 2 scrolls of magic mapping
 k - 8 scrolls of remove curse
 m - 12 scrolls of identify
 n - 2 scrolls of fear
 q - 2 scrolls of amnesia
 s - 2 scrolls of teleportation
 w - a scroll of enchant weapon
 x - a scroll of fog
Potions
 d - 3 potions of might
 t - 3 potions of mutation
 u - 2 potions of lignification {unknown}
 v - a potion of haste
 z - 2 potions of heal wounds {unknown}
 A - a potion of brilliance {unknown}


   Skills:
 * Level 4.3 Fighting
 * Level 6.4 Polearms
 * Level 4.5 Armour
 * Level 3.1 Dodging
 * Level 3.4 Stealth
 * Level 5.0 Shields
 * Level 2.7 Spellcasting


You had 12 spell levels left.
You didn't know any spells.
Your spell library was empty.

Dungeon Overview and Level Annotations

Branches:
Dungeon (7/15)             Temple (1/1) D:7

Shops:
D:6 [

Annotations:
D:4 1 runed translucent door, RedPan's ghost, amateur DrTm
D:6 2 transporters


Innate Abilities, Weirdness & Mutations

You have an increased reservoir of magic. (+10% MP)
You have sharp toenails.
You have a somewhat thin skeletal structure. (Dex +2, Stealth)
You are partially covered in yellow scales. (AC +2)
You are clumsy. (Dex -2)


Message History

The red ugly thing is lightly wounded.
The red ugly thing punches you.
You are engulfed in flames!
Unknown command.
A red ugly thing is nearby!
A red ugly thing is nearby!
You hit the red ugly thing.
The red ugly thing is lightly wounded.
The red ugly thing punches you!
You are engulfed in flames!!
* * * LOW HITPOINT WARNING * * *
You are too injured to fight recklessly!
You block the red ugly thing's attack. You block the red ugly thing's attack.
You see here a jackal corpse.
The red ugly thing punches you but does no damage.
Okay, then.
As you read the scroll of teleportation, it crumbles to dust.
You feel strangely unstable. The red ugly thing punches you!
* * * LOW HITPOINT WARNING * * *
You are engulfed in flames!!
You die...

...##......^.....##............ .
..#..†.............#.........##.#
.......†.....................##.#
####...............###...##...#.#
#..............###.....#....#.
.#....#...........###..........#.
....#####.........##............#
...# #..........##.....#.......
... ##....##u@.......##.......
... #.##.#####........##.......
..... ###.................
.....###.#..........#.....#
......#......##>...[#......
......##..)..#.......#.....
#............#.............
.............##......##.#..
###...).....###........##.


You could see a red ugly thing.

Vanquished Creatures
  Joseph (D:7)
  A water moccasin (D:6)
  A black bear (D:2)
  2 ogres
  2 centaurs
  A scorpion (D:4)
  A wyvern skeleton (D:7)
  2 howler monkeys (D:7)
  A centaur zombie (D:7)
  A jelly (D:5)
  5 orc priests
  A centaur skeleton (D:7)
  6 orc wizards
  A bullfrog skeleton (D:7)
  An iguana (D:5)
  9 worker ants
  A hound skeleton (D:7)
  Robin (D:2)
  3 gnolls (D:7)
  9 adders
  A white imp (D:7)
  3 ufetubi
  2 worms (D:3)
  2 dart slugs
  6 leopard geckos
  20 orcs
  A ball python (D:3)
  7 giant cockroaches
  10 goblins
  10 hobgoblins
  23 jackals
  4 quokkas
  11 bats
  8 frilled lizards
  9 kobolds
  A quokka skeleton (D:4)
  7 rats
175 creatures vanquished.

Notes
Turn   | Place    | Note
-------+----------+-------------------------------------------
     0 | D:1      | DungeonDestroyer the Demigod Fighter began the quest for
                  | the Orb.
     0 | D:1      | Reached XP level 1. HP: 18/18 MP: 3/3
   271 | D:1      | Reached XP level 2. HP: 19/25 MP: 4/4
   387 | D:1      | Reached skill level 2 in Polearms
   853 | D:1      | Reached XP level 3. HP: 30/30 MP: 5/5
  1088 | D:1      | Gained mutation: You are clumsy. (Dex -2) [potion of
                  | mutation]
  1088 | D:1      | Gained mutation: You have a somewhat thin skeletal
                  | structure. (Dex +2, Stealth) [potion of mutation]
  1088 | D:1      | Gained mutation: You have sharp toenails. [potion of
                  | mutation]
  1088 | D:1      | Gained mutation: You are partially covered in yellow
                  | scales. (AC +2) [potion of mutation]
  1265 | D:2      | Noticed a black bear
  1271 | D:2      | Killed a black bear
  1272 | D:2      | Reached skill level 1 in Dodging
  1272 | D:2      | Reached skill level 1 in Stealth
  1272 | D:2      | Reached XP level 4. HP: 29/38 MP: 5/7
  1636 | D:2      | Reached skill level 3 in Polearms
  1754 | D:2      | Reached XP level 5. HP: 44/45 MP: 9/9
  1946 | D:2      | Noticed Robin
  1959 | D:2      | Killed Robin
  1960 | D:2      | Reached skill level 1 in Spellcasting
  2876 | D:3      | Found an ornate altar of the Wu Jian Council.
  2878 | D:3      | Found a glowing golden altar of the Shining One.
  3472 | D:3      | Found an opulent altar of Gozag.
  3929 | D:4      | Found a runed translucent door.
  3929 | D:4      | Noticed RedPan's ghost (amateur DrTm)
  4005 | D:4      | Reached XP level 6. HP: 51/51 MP: 10/10
  4272 | D:4      | Reached skill level 4 in Polearms
  4641 | D:4      | Reached XP level 7. HP: 37/57 MP: 12/12
  5016 | D:5      | Entered Level 5 of the Dungeon
  5568 | D:5      | Found a shimmering blue altar of Sif Muna.
  6352 | D:6      | Found Xaetegij's Antique Armour Emporium.
  6358 | D:6      | Found a transporter.
  6462 | D:6      | Reached skill level 5 in Polearms
  6649 | D:6      | Found a transporter.
  6651 | D:6      | Noticed a fire bat
  6651 | D:6      | Noticed a fire bat
  6774 | D:7      | Reached XP level 8. HP: 57/66 MP: 14/14
  7191 | D:7      | Noticed Joseph
  7213 | D:7      | Killed Joseph
  7214 | D:7      | Reached skill level 6 in Polearms
  7393 | D:7      | Found a staircase to the Ecumenical Temple.
  7427 | Temple   | Entered the Ecumenical Temple
  7735 | D:7      | Reached skill level 5 in Shields
  7920 | D:7      | Noticed a red ugly thing
  7953 | D:7      | Mangled by a red ugly thing

Illustrated notes

Levels and vault maps discovered:
D:1:      dpeg_arrival_round_a, layout_basic
D:2:      layout_loops_corners, uniq_robin
D:3:      layout_basic, lemuel_round_altar,
          chequers_temple_overflow_statue_of_worship, serial_co_window_serial,
          co_window_of_opportunity_a, co_window_corner_a, co_window_paths_b,
          co_window_of_opportunity_a, co_window_paths_a, co_window_broadway_b,
          co_window_unsneaky_path_d, co_window_broadway_c, co_window_paths_c,
          glass_columns_c, glass_columns_c, glass_columns_b
D:4:      cheibrodos_pilgrimage, layout_loops_ring,
          hellmonk_ghost_happy_afterlife
D:5:      layout_gridville, marbit_many_paths, nrook_loot_triangle
D:6:      gammafunk_cloud_chamber, layout_basic, serial_shops, shop
D:7:      minmay_cornered_nines, layout_cave_pools,
          minmay_temple_entry_steel_oval, minmay_misc_feat_secret_circle,
          sigmund_army, uniq_joseph
Temple:   bh_familiar_temple

Skill      XL: |  1  2  3  4  5  6  7  8 |
---------------+-------------------------+-----
Polearms       | 2 3 4 5 6 |  6.4
Armour         | 3 4 |  4.5
Shields        | 3 4 5 |  5.0
Fighting       | 3 4 |  4.3
Dodging        | 1 2 3 |  3.1
Stealth        | 1 2 3 |  3.4
Spellcasting   | 1 2 |  2.7

Action                   |  1- 3 |  4- 6 |  7- 9 || total
-------------------------+-------+-------+-------++-------
Melee: Trident           |   126 |   206 |   243 ||   575
       Kick              |     2 |    55 |    27 ||    84
  Use: Scroll            |     4 |     3 |     2 ||     9
       Potion            |     2 |     4 |       ||     6
 Stab: Sleeping          |       |     6 |     6 ||    12
Armor: Scale mail        |    53 |    79 |   126 ||   258
Dodge: Dodged            |    35 |    47 |    83 ||   165
Block: Kite shield       |    66 |    91 |   146 ||   303

Table legend: (Time is in decaauts)
 A = Elapsed time spent in this place.
 B = Non-inter-level travel time spent in this place.
 C = Inter-level travel time spent in this place.
 D = Time resting spent in this place.
 E = Time spent auto-exploring this place.
 F = Levels seen in this place.
 G = Mean time per level.
                   A        B        C        D        E       F      G
               +--------+--------+--------+--------+--------+-----+--------+
         Total |   8057 |   7859 |    198 |    314 |   6229 |   8 | 1007.1 |
       Dungeon |   7846 |   7664 |    182 |    314 |   6034 |   7 | 1120.9 |
        Temple |    211 |    195 |     16 |      0 |    195 |   1 |  211.0 |
               +--------+--------+--------+--------+--------+-----+--------+

Top non-repeatable levels by time:
     D:2: 1384 daAuts
     D:3: 1312 daAuts
     D:1: 1288 daAuts
     D:5: 1278 daAuts
     D:4: 1104 daAuts
     D:7: 1018 daAuts
     D:6: 460 daAuts
  Temple: 211 daAuts
